Cogmind - Beta 15 @@@ ROGUE MODE // 2025.05.22 @ 16:04:15 Player: Epsilon 11 Result: Destroyed by G-73 Enforcer with Phase Gun Performance ------------- Evolutions (9) 4500 Regions Visited (25) 5000 Robots Destroyed (285) 1425 Value Destroyed (13691) 13691 Prototype IDs (49) 980 Alien Tech Used (1) 200 Bonus (5156) 5156 TOTAL SCORE: 30952 Bonus ------- High Alert Combat Kills 1503 Follower Combat Kills 1574 Entered Garrisons 400 Network Hubs Disabled 400 Acquired ECA 300 Met Zhirov 300 A7 Reached Mainframe 300 Met R17 at Cetus 500 Read Decrypted Archives 300 Friendly Fire -421 Cogmind --------- Core Integrity 0/1600 Matter 81/300 Energy 98/100 System Corruption 7% Temperature Cool (36) Movement Core (50) Location -1/Access Parts ------- > --- POWER (2) -------- (None) > --- PROPULSION (8) --- (None) > --- UTILITY (12) ----- (None) > --- WEAPON (3) ------- (None) > --- INVENTORY (5) ---- Compact Particle Reactor Advanced Shield Generator Advanced Remote Datajack Peak State ------------ > --- POWER ------------ Light Antimatter Reactor Neutrino-Ion Core > --- PROPULSION ------- Advanced Myomer Leg Flying Impulse-Heavy Exoskeleton > --- UTILITY ---------- Armored Scrap Engine Advanced Heat Sink Improved Cooling System Improved Coolant Injector Large Storage Unit Advanced Powered Armor Graphene Brace Advanced Thermal Shield Advanced Shield Generator > --- WEAPON ----------- Powered Cannon Hpw. Thermal Bore Construct/G > --- INVENTORY -------- Micro Fission Core Advanced Heat Sink Improved Target Analyzer Improved Target Analyzer Improved Medium Armor Plating Light Regenerative Plating Advanced Remote Force Field Improved Arc Projector Improved Arc Projector Improved Arc Projector KE Penetrator Magnetic Acceleration Cannon Advanced Datajack Improved Remote Datajack Great Axe [Rating: 144] Favorites ----------- Power Constructs Engine Subdweller Power Source Power Core Constructs Reactor Light Antimatter Reactor Propulsion Constructs Treads Light Treads Leg Aluminum Leg Wheel Compact Wheel Hover Unit Improved Gyrokinetic Inverter Flight Unit Constructs Utility Advanced Heat Sink Device Advanced Heat Sink Storage Large Storage Unit Processor Improved Armor Integrity Analyzer Hackware System Shield Protection Light Regenerative Plating Weapon Constructs Energy Gun Constructs Energy Cannon Subdweller Beam Cannon Ballistic Gun Improved Heavy Machine Gun Ballistic Cannon Constructs Launcher Subdweller Shrapnel Launcher Special Weapon Improved Remote Datajack Impact Weapon Makeshift Hammer Special Melee Weapon Improved Datajack Build | -11 -10 -10 -8 -8 -8 -8 -6 -6 -5 -5 -5 -5 -5 -5 -5 -4 -4 -4 -4 -4 -4 -3 -3 -2 -1 ------- Run | Yrd Mat Sub Mat Sto Gar Rec Fac Gar Fac Was Fac Ext Cet Arc Hub Fac Was Fac Upp Upp Zhi Pro Res Res Acc Slots Evolved 18 | . . . 4 . . . 4 . 2 . . . . . . 2 . . . . . . 2 2 2 Power 1 | . . . 1 . . . . . . . . . . . . . . . . . . . . . . Propulsion 6 | . . . 1 . . . 1 . . . . . . . . . . . . . . . . 2 2 Utility 10 | . . . 2 . . . 2 . 2 . . . . . . 2 . . . . . . 2 . . Weapon 1 | . . . . . . . 1 . . . . . . . . . . . . . . . . . . Parts Attached 195 | 6 3 19 49 11 1 4 6 5 7 1 1 7 1 . 8 3 3 16 5 1 5 1 10 21 1 Power 20 | 1 . 2 8 2 . . . . . . . . . . . . . 1 . 1 . . 1 4 . Engine 8 | 1 . 2 3 2 . . . . . . . . . . . . . . . . . . . . . Core 6 | . . . 5 . . . . . . . . . . . . . . . . 1 . . . . . Reactor 6 | . . . . . . . . . . . . . . . . . . 1 . . . . 1 4 . Propulsion 36 | 2 . 4 12 3 . 2 . . . . . . . . . . 1 1 . . . . 3 8 . Treads 8 | . . 2 1 2 . 2 . . . . . . . . . . . . . . . . 1 . . Leg 8 | . . . 4 . . . . . . . . . . . . . . 1 . . . . . 3 . Wheel 11 | 2 . 2 6 . . . . . . . . . . . . . . . . . . . . 1 . Hover 3 | . . . . 1 . . . . . . . . . . . . 1 . . . . . . 1 . Flight 6 | . . . 1 . . . . . . . . . . . . . . . . . . . 2 3 . Utility 95 | 1 2 3 15 2 1 2 4 4 6 1 1 7 1 . 8 3 2 11 5 . 4 1 5 5 1 Device 52 | . . . 4 . 1 1 1 3 3 1 1 6 . . 3 3 2 8 5 . 2 1 3 3 1 Storage 8 | 1 1 1 3 . . 1 . . . . . . . . . . . 1 . . . . . . . Processor 4 | . . . . . . . . . . . . . . . . . . 1 . . 1 . 1 1 . Hackware 6 | . . . . . . . . . 1 . . . . . 3 . . . . . . . 1 1 . Protection 25 | . 1 2 8 2 . . 3 1 2 . . 1 1 . 2 . . 1 . . 1 . . . . Artifact . | . . . . . . . . . . . . . . . . . . . . . . . . . . Weapon 44 | 2 1 10 14 4 . . 2 1 1 . . . . . . . . 3 . . 1 . 1 4 . Energy Gun 17 | 2 1 4 7 1 . . . . . . . . . . . . . 1 . . . . . 1 . Energy Cannon 6 | . . 2 1 . . . . . 1 . . . . . . . . 1 . . . . . 1 . Ballistic Gun 6 | . . 1 1 3 . . . 1 . . . . . . . . . . . . . . . . . Ballistic Cannon 4 | . . . 1 . . . 1 . . . . . . . . . . 1 . . . . . 1 . Launcher 4 | . . 3 1 . . . . . . . . . . . . . . . . . . . . . . Special Weapon 3 | . . . . . . . 1 . . . . . . . . . . . . . 1 . . 1 . Impact Weapon 1 | . . . . . . . . . . . . . . . . . . . . . . . 1 . . Slashing Weapon . | . . . . . . . . . . . . . . . . . . . . . . . . . . Piercing Weapon . | . . . . . . . . . . . . . . . . . . . . . . . . . . Special Melee Weapon 3 | . . . 3 . . . . . . . . . . . . . . . . . . . . . . Unidentified Prototypes 21 | . . . 7 5 . 1 1 . . . . . 1 . . . . 1 . . 3 . 2 . . Parts Lost 96 | . 3 4 11 3 1 1 3 5 . 3 . 3 1 . 4 11 . 7 1 . . 8 13 13 1 Power 14 | . 1 1 3 . . . . 1 . . . . . . 1 1 . 2 . . . 1 1 2 . Propulsion 23 | . . 1 3 2 . 1 . . . . . . 1 . . 4 . . . . . 1 4 6 . Utility 42 | . . . 5 1 1 . 2 3 . 2 . 2 . . 3 4 . 3 . . . 5 7 3 1 Weapon 17 | . 2 2 . . . . 1 1 . 1 . 1 . . . 2 . 2 1 . . 1 1 2 . Highest Loss Streak 10 | . 2 1 8 2 1 1 1 3 . 2 . 1 1 . 1 10 . 4 1 . . 3 7 10 1 To Critical Strikes 2 | . . 1 . . . . . . . . . . 1 . . . . . . . . . . . . Average Backups 9 | 1 10 8 10 13 13 12 13 12 12 13 12 13 13 13 4 3 3 6 5 5 4 4 4 3 3 Power . | . 1 . . . 1 . . . . 1 1 1 1 1 . . . . . . . . . 1 1 Propulsion . | . 2 1 . 1 1 1 . . . 1 1 2 1 1 . . . . . . . . . . . Utility 3 | . 2 2 2 1 1 2 5 4 6 6 5 5 7 7 3 1 2 3 3 3 3 4 3 1 1 Weapon 3 | . 3 3 5 6 7 5 4 5 2 2 2 2 2 2 1 1 1 1 . . . . . . . Tool/Special . | . . . . . . . . . . . . . . . . . . . . . . . . . . Unused Backups 47 | . . 7 5 . . 4 1 . 8 . . 3 2 . 5 . 1 8 1 . 1 . . . 1 Power 4 | . . . . . . . . . 1 . . . . . 1 . . 2 . . . . . . . Propulsion 11 | . . 3 . . . 3 . . 1 . . 3 . . 1 . . . . . . . . . . Utility 17 | . . 2 3 . . 1 . . 2 . . . 2 . 2 . 1 2 . . 1 . . . 1 Weapon 12 | . . 1 2 . . . 1 . 4 . . . . . . . . 4 . . . . . . . Tool/Special 3 | . . 1 . . . . . . . . . . . . 1 . . . 1 . . . . . . Average Slot Usage (%) 73 | . 97 89 94 99 98 83 61 55 54 48 47 59 58 58 57 59 34 64 67 68 68 58 41 46 . Engine 7 | . 14 14 11 18 17 13 6 6 3 . 3 3 . . . . . . . . . . . . . Reactor 1 | . . . . . . . . . . . . . . 4 5 4 4 7 5 5 5 3 2 3 . Treads 7 | . . 18 1 23 26 21 7 . . . . . . . 2 . 3 2 . . . . . . . Leg 1 | . . . 10 . . . . . 5 5 3 1 5 5 2 . . . . . . 4 . 8 . Wheel 4 | . 28 8 14 3 . . . 5 . . . . . . . . . . . . . . . 3 . Device 13 | . . . 14 3 8 8 9 13 14 13 8 16 22 23 25 24 13 32 35 36 39 29 15 9 . Storage 5 | . 14 6 9 9 9 9 6 6 5 5 5 5 5 5 . . . 4 . . . . . . . Hackware 1 | . . . . . . . . . 4 5 5 5 . . 4 4 . . . . . . 3 2 . Protection 10 | . 12 12 11 23 17 13 15 8 9 5 8 10 11 11 8 14 4 5 5 5 1 5 2 . . Energy Gun 6 | . 27 11 10 4 8 8 8 3 . . . . . . . . 2 4 . . . . . 2 . Energy Cannon 2 | . . 8 2 . . . . . 3 5 2 . 2 . . . . 4 1 . . . . 1 . Ballistic Gun 2 | . . 1 1 12 7 8 3 3 . . . . . . . . . . 3 5 5 . . . . Ballistic Cannon 1 | . . . 2 . . . . 2 1 . 2 4 2 5 5 5 1 . 5 5 3 3 . 1 . Launcher 1 | . . 6 . . 1 . . . . . . . . . . . . . . . . . . . . Peak Build Rating 144 | 6 8 17 35 44 45 55 71 86 105 106 98 116 126 116 126 129 76 144 118 114 115 112 102 144 9 Average Rating 63 | 4 7 12 29 39 43 45 65 70 94 98 91 107 119 116 116 119 67 117 108 107 110 97 81 79 2 On Entrance 66 | . 6 6 13 31 39 45 55 64 86 105 84 98 116 116 116 111 30 72 111 108 107 113 67 31 2 Naked Turns 227 | . . . . . . . . . . . . . . . . . . . . . . . . 84 143 Heaviest Build 100 | 14 50 61 74 58 63 49 57 68 62 59 62 75 80 79 79 57 55 100 44 42 45 40 33 72 3 Greatest Support 229 | 26 26 40 48 62 62 62 71 84 84 79 114 114 114 85 197 229 46 69 48 48 48 48 48 80 3 Greatest Overweight (x) 15 | . 1 3 15 2 6 1 1 1 . . . . . . . 1 2 2 . . . . 1 2 . Average Overweight (x) . | . . . . . . . . . . . . . . . . . . 1 . . . . . . . Largest Inventory Capacity 20 | 8 20 20 20 15 15 15 15 15 15 15 15 15 15 15 15 5 5 15 5 5 5 5 5 5 5 Average Capacity 12 | 7 16 12 13 15 15 15 15 15 15 15 15 15 15 15 6 5 5 13 5 5 5 5 5 5 5 Most Carried 20 | 4 14 20 19 15 15 15 15 15 15 15 14 15 15 15 15 5 5 15 5 5 5 5 5 5 3 Average Carried 10 | 1 10 9 12 14 14 13 14 13 13 14 13 14 14 14 5 4 4 6 4 5 4 4 4 3 3 Final Capacity 20 | 8 20 20 15 15 15 15 15 15 15 15 15 15 15 15 5 5 5 5 5 5 5 5 5 5 5 Final Carried 18 | 4 13 18 15 15 15 15 15 15 15 14 13 15 14 15 4 5 5 5 5 5 5 5 5 3 3 Scrap Engine Consumption 169 | . . . . . . 19 12 10 15 2 3 16 10 . 6 3 35 21 . 3 6 1 7 . . Constructs Created 8 | . . . . . . 3 1 . . . . . . . . . 2 . 1 . . . 1 . . Constructs Modified 67 | . . . . . . 3 3 5 6 2 3 6 3 1 2 4 12 9 2 1 1 2 2 . . Class Distribution -------------------- 34% | Mutant 24% | Construct 11% | Scavenger-Mutant 8% | Subdweller-Mutant 7% | Tank 6% | Commander-Mutant 3% | Commander-Construct Dominant Class ---------------- Mutant | -10/Materials Subdweller-Mutant | -10/Subcaves Scavenger-Mutant | -8/Materials Mutant | -8/Storage Commander-Mutant | -8/Garrison Mutant | -8/Recycling Construct | -6/Factory Construct | -6/Garrison Construct | -5/Factory Construct | -5/Waste Construct | -5/Factory Construct | -5/Extension Construct | -5/Cetus Construct | -5/Archives Construct | -5/Hub_04(d) Scavenger-Construct | -4/Factory Mutant | -4/Waste Tank | -4/Factory Mutant | -4/Upper Caves Mutant | -4/Upper Caves Mutant | -4/Zhirov Mutant | -3/Proximity Caves Mutant | -3/Research Mutant | -2/Research Mutant | -1/Access Resources | -11 -10 -10 -8 -8 -8 -8 -6 -6 -5 -5 -5 -5 -5 -5 -5 -4 -4 -4 -4 -4 -4 -3 -3 -2 -1 ----------- Run | Yrd Mat Sub Mat Sto Gar Rec Fac Gar Fac Was Fac Ext Cet Arc Hub Fac Was Fac Upp Upp Zhi Pro Res Res Acc Matter Collected 6114 | 236 58 351 935 470 501 128 192 629 186 . . 876 75 . 421 169 61 252 83 98 78 79 78 158 . Remotely . | . . . . . . . . . . . . . . . . . . . . . . . . . . Salvage Created 13512 | . 734 363 2068 584 598 189 528 962 451 . . 1558 280 32 1814 332 224 1685 . . 255 100 124 631 . Parts 686 | . 38 20 98 55 37 14 20 52 20 . . 48 8 4 106 19 8 83 . . 3 5 . 48 . Haulers Intercepted 8 | . 1 . 5 1 . . . . 1 . . . . . . . . . . . . . . . . Recyclers Shooed 14 | . 4 . 2 1 . . 1 . 1 . . 1 . . . . . 2 . . . . . 2 . Parts Field Recycled . | . . . . . . . . . . . . . . . . . . . . . . . . . . Retrieved Matter . | . . . . . . . . . . . . . . . . . . . . . . . . . . Parts Self-Destructed 15 | . . 4 . . . . . . . . . . . . . . . . 4 3 . 4 . . . Prevented . | . . . . . . . . . . . . . . . . . . . . . . . . . . Kills | -11 -10 -10 -8 -8 -8 -8 -6 -6 -5 -5 -5 -5 -5 -5 -5 -4 -4 -4 -4 -4 -4 -3 -3 -2 -1 ------- Run | Yrd Mat Sub Mat Sto Gar Rec Fac Gar Fac Was Fac Ext Cet Arc Hub Fac Was Fac Upp Upp Zhi Pro Res Res Acc Combat Hostiles Destroyed 217 | . 10 11 26 14 16 4 12 26 5 . . 17 4 . 26 5 . 26 . . . 3 2 10 . Guns 85 | . 5 2 14 10 11 4 9 21 . . . . . . . . . 5 . . . . . 4 . Cannons 95 | . . 2 8 . . . . 4 5 . . 17 4 . 25 5 . 17 . . . 2 . 6 . AOE 27 | . 4 7 . 4 5 . 3 1 . . . . . . 1 . . 1 . . . 1 . . . Classes Destroyed 21 | . 8 2 6 1 2 . . . . . . 1 . . . 1 . . . . . . . . . Worker 18 | . 2 . . 2 . . . . . . . . . . 9 . . 1 . . . . . 4 . Builder 10 | . 1 . 1 3 . . . . . . . 1 . . 2 . . 1 . . . . . 1 . Tunneler 3 | . 1 . 1 . . . . . . . . 1 . . . . . . . . . . . . . Hauler 8 | . 1 . 5 1 . . . . 1 . . . . . . . . . . . . . . . . Recycler 13 | . 2 . 4 . . . . . 1 . . 3 . . 1 . . 1 . . . . . 1 . Mechanic 1 | . . . . . . . . . . . . . . . . 1 . . . . . . . . . Operator 2 | . . . . 1 . . . . . . . 1 . . . . . . . . . . . . . Turret 2 | . . 2 . . . . . . . . . . . . . . . . . . . . . . . Watcher 9 | . 2 . 2 1 . . . 1 . . . 1 . . 2 . . . . . . . . . . Swarmer 46 | . 3 4 . 4 2 . 1 13 1 . . 1 . . 6 . . 4 . . . 3 . 4 . Cutter 6 | . . . . . 2 . . 4 . . . . . . . . . . . . . . . . . Grunt 73 | . 7 . 17 3 6 . 7 4 2 . . 8 . . 10 1 . 7 . . . . . 1 . Brawler 3 | . . . 1 . 1 . . 1 . . . . . . . . . . . . . . . . . Duelist 5 | . . . 1 . . . 2 2 . . . . . . . . . . . . . . . . . Sentry 34 | . . . 4 7 2 3 1 1 1 . . 4 . . 6 2 . 3 . . . . . . . Specialist 2 | . . . 2 . . . . . . . . . . . . . . . . . . . . . . Hunter 6 | . . . 1 . . . . . . . . 1 . . . . . 2 . . . . 2 . . Programmer 28 | . . . . . 3 . 1 2 1 . . . . . 4 2 . 10 . . . . . 5 . Heavy 1 | . . . 1 . . . . . . . . . . . . . . . . . . . . . . Behemoth 2 | . . . . . . . . . . . . 2 . . . . . . . . . . . . . Cetus Guard 4 | . . . . . . . . . . . . . 4 . . . . . . . . . . . . Subdweller 8 | . . 7 . . . 1 . . . . . . . . . . . . . . . . . . . Guerrilla 1 | . . . . . . . . . . . . 1 . . . . . . . . . . . . . Best Kill Streak 12 | . 5 4 3 8 3 2 6 7 4 . . 3 2 . 6 2 . 5 . . . 3 2 12 . Combat Bots Only 9 | . 2 4 3 4 3 2 6 6 4 . . 3 2 . 5 2 . 4 . . . 3 2 9 . Max Kills in Single Turn 3 | . 2 2 2 2 2 1 2 1 1 . . 1 1 . 3 1 . 1 . . . 1 1 2 . Gunslinging . | . . . . . . . . . . . . . . . . . . . . . . . . . . Exploded 2 | . 2 2 . 2 2 . 2 1 . . . . . . 1 . . 1 . . . 1 . . . Melee . | . . . . . . . . . . . . . . . . . . . . . . . . . . Uniques/NPCs Destroyed . | . . . . . . . . . . . . . . . . . . . . . . . . . . Combat | -11 -10 -10 -8 -8 -8 -8 -6 -6 -5 -5 -5 -5 -5 -5 -5 -4 -4 -4 -4 -4 -4 -3 -3 -2 -1 -------- Run | Yrd Mat Sub Mat Sto Gar Rec Fac Gar Fac Was Fac Ext Cet Arc Hub Fac Was Fac Upp Upp Zhi Pro Res Res Acc Hostile Shots Fired 2504 | . 30 78 173 69 87 18 68 228 57 8 . 153 27 . 171 230 . 277 26 . . 234 257 192 121 Missed 886 | . 9 24 38 16 28 5 17 61 24 . . 57 6 . 65 98 . 85 8 . . 92 131 71 51 Hits 1618 | . 21 54 135 53 59 13 51 167 33 8 . 96 21 . 106 132 . 192 18 . . 142 126 121 70 Melee 34 | . . . 1 . 4 . 8 13 . 8 . . . . . . . . . . . . . . . Projectile 1584 | . 21 54 134 53 55 13 43 154 33 . . 96 21 . 106 132 . 192 18 . . 142 126 121 70 AOE 9 | . . 1 2 . . . . 3 . . . . . . . 2 . 1 . . . . . . . Critical Strikes 82 | . . 2 10 2 1 1 1 9 3 1 . 3 5 . 5 3 . 11 1 . . 3 4 11 6 Actively Blocked 30 | . . . . 1 . . . . . 1 . . . . . . . 11 1 . . 3 4 9 . Part Disruptions 4 | . . . . . . . . . . . . . . . . . . . . 1 . . 1 1 1 Damage Taken 29395 | . 328 764 2633 785 763 241 1024 2178 613 582 . 1898 440 . 2054 2550 . 2864 447 68 . 2053 2681 2750 1679 Core 5461 | . 25 75 242 46 31 55 34 220 33 200 . 93 13 . 378 292 . 184 34 26 . 242 571 1058 1609 Absorbed by Shields 1550 | . . . 72 . . . . 279 . . . 154 127 . 243 27 . 648 . . . . . . . Reduced by Siege Mode 4 | . . . . . . . . . . . . . . . 4 . . . . . . . . . . Redirected to Shielding 395 | . 6 . . 85 46 . 69 32 . . . . . . . . . . . . . 157 . . . Ignored by Resistances 1418 | . . . . . . . 80 . . . . . . . . . . 619 88 . . 631 . . . Regen/Repaired (Parts) 7167 | . 30 . 164 166 144 30 601 961 588 28 333 554 267 65 317 272 465 942 141 46 . 541 512 . . Core Remaining (%) 50 | 100 . 60 . . . 32 . 70 . . . . . . 28 . . . . . . 32 56 27 . Volleys Fired 934 | . 40 40 113 56 71 21 43 95 22 39 2 104 20 1 78 22 15 87 4 . 10 21 . 30 . Largest 3 | . 2 2 2 2 2 2 3 3 1 1 1 1 1 1 1 1 1 2 2 . 1 1 . 3 . Hottest 243 | . 90 140 130 84 97 89 158 161 141 141 140 210 210 210 210 210 99 139 111 . 67 67 . 243 . Shots Fired 1421 | . 80 66 201 99 106 35 92 161 22 37 1 102 20 1 77 22 15 172 8 1 11 20 . 72 . Gun 815 | . 80 38 122 94 100 35 88 137 . . . . . . . . 13 78 . . 10 . . 20 . Cannon 571 | . . 20 79 . . . . 16 22 37 1 102 20 1 77 22 2 94 8 1 1 17 . 51 . Launcher 31 | . . 8 . 5 6 . 4 8 . . . . . . . . . . . . . . . . . Special 4 | . . . . . . . . . . . . . . . . . . . . . . 3 . 1 . Kinetic 585 | . . 5 55 72 40 20 31 91 8 . 1 75 20 1 77 22 2 5 4 1 11 17 . 27 . Thermal 665 | . 7 56 103 27 61 15 61 63 14 37 . 27 . . . . 13 137 . . . . . 44 . Explosive 5 | . . 5 . . . . . . . . . . . . . . . . . . . . . . . Electromagnetic 162 | . 73 . 43 . 5 . . 7 . . . . . . . . . 30 4 . . . . . . Robot Hit Streak 21 | . 14 21 17 9 12 7 15 12 10 6 . 5 7 1 11 4 8 13 3 . 6 8 . 8 . Robot Miss Streak 7 | . 4 1 3 3 3 2 4 7 3 4 . 6 2 . 3 2 2 3 2 . 2 3 . 3 . Penetration Max 1 | . . . . . . . . . . . . . 1 . 1 1 . . . . 1 . . . . Secondary Targets 9 | . . . 1 . 2 . . 6 . . . . . . . . . . . . . . . . . Max Gunslinging Chain 1 | . . . 1 . 1 . . 1 . . . . . . . . . . . . . . . . . Shots Hit Robots 856 | . 49 44 159 59 47 20 58 88 20 9 . 59 12 1 41 12 12 101 5 . 8 8 5 39 . Core Hits 394 | . 27 20 58 33 27 5 31 42 5 1 . 24 7 1 29 6 4 40 . . 4 8 1 21 . Critical Kills 5 | . . . 1 . . . . 1 . . . . . . . . . 3 . . . . . . . Critical Parts Destroyed 5 | . . . . 1 1 . . 1 . . . . . . . . . . . . . . 2 . . Critical Strikes 23 | . 1 . 7 3 3 . 1 2 . . . . . . . . . 3 . . . . 2 1 . Burn 7 | . . . 2 2 2 . 1 . . . . . . . . . . . . . . . . . . Meltdown 4 | . . . 1 . . . . . . . . . . . . . . 3 . . . . . . . Destroy 4 | . . . . 1 1 . . 2 . . . . . . . . . . . . . . . . . Blast 2 | . . . 1 . . . . . . . . . . . . . . . . . . . . 1 . Corrupt 4 | . 1 . 3 . . . . . . . . . . . . . . . . . . . . . . Smash 2 | . . . . . . . . . . . . . . . . . . . . . . . 2 . . Melee Attacks 52 | . . . 19 . . . . 4 7 . . 12 . . . . . . . . . . 10 . . Impact 10 | . . . . . . . . . . . . . . . . . . . . . . . 10 . . Slashing . | . . . . . . . . . . . . . . . . . . . . . . . . . . Piercing 12 | . . . 7 . . . . 4 . . . 1 . . . . . . . . . . . . . Sneak Attacks 29 | . . . 11 . . . . . 7 . . 11 . . . . . . . . . . . . . Combat Hostiles . | . . . . . . . . . . . . . . . . . . . . . . . . . . Follow-up Attacks . | . . . . . . . . . . . . . . . . . . . . . . . . . . Damage Inflicted 38045 | . 913 1239 3290 1777 1325 412 1985 2692 949 663 . 4709 1612 124 6017 2079 300 4415 135 . 225 371 229 2561 23 Guns 10854 | . 706 543 1689 1291 984 412 1289 1957 . . . . . . . . 200 950 . . 225 . . 608 . Cannons 21932 | . . 246 1504 . . . . 442 785 663 . 3968 1612 124 5494 1582 100 3186 135 . . 189 . 1902 . Explosions 3713 | . 168 450 71 475 341 . 696 285 . . . . . . 354 497 . 225 . . . 151 . . . Melee 252 | . . . 12 . . . . 8 . . . 3 . . . . . . . . . . 229 . . Ramming 1294 | . 39 . 14 11 . . . . 164 . . 738 . . 169 . . 54 . . . 31 . 51 23 Kinetic 19512 | . . 152 638 1473 711 196 965 1851 351 . . 2728 1612 124 5494 1582 100 77 88 . 225 189 . 956 . Thermal 13615 | . 205 789 1705 293 337 216 967 710 434 663 . 1240 . . . . 200 4151 . . . 151 . 1554 . Explosive 795 | . . 298 . . . . . . . . . . . . . 497 . . . . . . . . . Electromagnetic 2577 | . 669 . 921 . 277 . 53 123 . . . . . . 354 . . 133 47 . . . . . . Impact 229 | . . . . . . . . . . . . . . . . . . . . . . . 229 . . Slashing . | . . . . . . . . . . . . . . . . . . . . . . . . . . Piercing 23 | . . . 12 . . . . 8 . . . 3 . . . . . . . . . . . . . Highest Corruption 20 | . . . . . 4 4 . 4 3 20 20 20 . . 9 4 4 14 14 14 14 14 9 11 7 Average Corruption 7 | . . . . . 3 4 . 3 1 10 20 17 . . 3 3 4 5 14 14 14 14 4 7 2 Corruption Purged 20 | . . . . . . . . . . . . 20 . . . . . . . . . . . . . Corruption Blocked . | . . . . . . . . . . . . . . . . . . . . . . . . . . Effects 287 | . . . . . 4 28 . 17 . 13 10 52 . . 10 6 21 51 13 21 8 18 4 11 . Message Errors 76 | . . . . . . 9 . 4 . 4 3 14 . . 2 2 4 11 3 8 1 9 1 1 . Matter Fused 58 | . . . . . 1 1 . 5 . 4 3 10 . . 3 3 3 13 3 3 3 1 . 2 . Heat Flow Errors 40 | . . . . . 2 6 . 3 . . 1 9 . . . . 6 4 3 1 1 2 . 2 . Energy Discharges 33 | . . . . . . 2 . 2 . 1 . 6 . . 2 . 3 10 2 2 . 1 . 2 . Parts Rejected 1 | . . . . . . . . . . 1 . . . . . . . . . . . . . . . Parts Fused 2 | . . . . . . . . . . . . . . . . . . 1 . . . 1 . . . Data Loss (minor) 40 | . . . . . . 5 . 2 . 1 2 6 . . 1 . 5 6 1 6 2 . 3 . . Data Loss (major) 10 | . . . . . 1 3 . . . . . 2 . . 1 1 . 2 . . . . . . . Misfires 5 | . . . . . . . . . . . . . . . . . . 3 . 1 1 . . . . Alerts 3 | . . . . . . 1 . . . . . . . . . . . 1 . . . . . 1 . Misdirections 8 | . . . . . . . . . . . . 3 . . . . . . 1 . . 3 . 1 . Weapon Failures 11 | . . . . . . 1 . 1 . 2 1 2 . . 1 . . . . . . 1 . 2 . Overload Shots . | . . . . . . . . . . . . . . . . . . . . . . . . . . Overflow Damage 2388 | . . 6 . 29 . . . 23 121 . . 615 11 . 935 202 . 189 . . . 9 89 159 . Projectiles 1912 | . . . . . . . . 23 86 . . 395 11 . 894 180 . 164 . . . . . 159 . Explosions 95 | . . 6 . 29 . . . . . . . . . . 4 22 . 25 . . . 9 . . . Melee 381 | . . . . . . . . . 35 . . 220 . . 37 . . . . . . . 89 . . Knockbacks 56 | . . . 1 . . . . 1 1 . . 22 2 . 6 7 1 . . . . 7 . 8 . Impact 9 | . . . . . . . . . 1 . . 7 . . . . . . . . . 1 . . . Kinetic 42 | . . . 1 . . . . 1 . . . 14 2 . 5 6 1 . . . . 5 . 7 . Secondary 5 | . . . . . . . . . . . . 1 . . 1 1 . . . . . 1 . 1 . Self-Inflicted Damage 641 | . 50 5 7 . . . 4 25 . . . 61 . . 97 178 . 139 . . . 57 . 8 10 Shots 12 | . 2 1 . . . . 1 2 . . . . . . 1 2 . 2 . . . 1 . . . Rammed 34 | . 3 . 1 3 . . . . . . . 10 . . 4 . . 4 . . . . . 4 5 Targets Rammed 65 | . 3 . 1 3 . . . . 8 . . 21 . . 9 . . 4 . . . 2 . 9 5 Kicked 29 | . . . . . . . . . 8 . . 11 . . 3 . . . . . . 2 . 5 . Crushed 2 | . . . . . . . . . . . . . . . 2 . . . . . . . . . . Highest Temperature 655 | . 151 54 448 282 304 228 396 388 349 626 271 548 291 181 655 504 455 183 257 245 216 192 . 399 . Average Temperature 133 | . 41 19 125 78 53 63 161 62 136 284 133 189 167 94 197 208 157 29 104 110 84 80 . 129 . Received Heat Transfer 4257 | . 135 120 940 306 180 96 282 468 117 . . 583 17 . 233 66 . 216 45 . . 9 210 117 117 Effects 86 | . . . 10 2 . . 5 2 3 18 . 23 1 . 14 7 1 . . . . . . . . Shutdowns 22 | . . . 3 . . . . . . 5 . 9 . . 4 . 1 . . . . . . . . Energy Bleed 15 | . . . 1 1 . . 3 . . 3 . 3 1 . 2 1 . . . . . . . . . Interference 28 | . . . 5 1 . . 2 2 3 1 . 4 . . 6 4 . . . . . . . . . Matter Decay 7 | . . . 1 . . . . . . 1 . 3 . . 1 1 . . . . . . . . . Short Circuit 1 | . . . . . . . . . . . . . . . . 1 . . . . . . . . . Damage (minor) 4 | . . . . . . . . . . 3 . 1 . . . . . . . . . . . . . Damage (major) 7 | . . . . . . . . . . 4 . 3 . . . . . . . . . . . . . Damage (core) 2 | . . . . . . . . . . 1 . . . . 1 . . . . . . . . . . Siege Activations 1 | . . . . . . . . . . . . . . . 1 . . . . . . . . . . Total Turns 13 | . . . . . . . . . . . . . . . 13 . . . . . . . . . . Longest Duration 13 | . . . . . . . . . . . . . . . 13 . . . . . . . . . . Martial Activations . | . . . . . . . . . . . . . . . . . . . . . . . . . . Shielding Activations . | . . . . . . . . . . . . . . . . . . . . . . . . . . Robots Disrupted 3 | . . . . . . . . . . . . . . . . . . 1 . . . 2 . . . Combat Hostiles 3 | . . . . . . . . . . . . . . . . . . 1 . . . 2 . . . Robots Corrupted 12 | . 1 . 2 . . . . 1 1 . . 3 . . 1 . . 1 . . . . 2 . . Combat Hostiles 7 | . 1 . 2 . . . . 1 . . . . . . . . . 1 . . . . 2 . . Parts Fried 29 | . 6 . 5 . . . . 1 3 . . 7 . . 2 . . 2 . . . . 3 . . Impact Corruptions 19 | . . . . . . . . . 2 . . 12 . . 3 . . . . . . . 2 . . Robots Melted 5 | . . . 2 . . . . . . . . . . . . . . 3 . . . . . . . Combat Hostiles 4 | . . . 2 . . . . . . . . . . . . . . 2 . . . . . . . Parts Melted 28 | . . 1 5 1 2 1 3 2 . . . 4 . . . . . 7 . . . . . 2 . Heat Transferred 13393 | . 261 1008 3060 703 753 407 1728 1091 350 650 . 481 . . . . 370 1173 . . . 100 . 1258 . Parts Sabotaged 10 | . . . . . 10 . . . . . . . . . . . . . . . . . . . . Parts Stolen . | . . . . . . . . . . . . . . . . . . . . . . . . . . Parts Stripped . | . . . . . . . . . . . . . . . . . . . . . . . . . . Power Chain Reactions 7 | . 3 . 1 . 1 . 1 . . . . . . . . . . . . . . 1 . . . Alert | -11 -10 -10 -8 -8 -8 -8 -6 -6 -5 -5 -5 -5 -5 -5 -5 -4 -4 -4 -4 -4 -4 -3 -3 -2 -1 ------- Run | Yrd Mat Sub Mat Sto Gar Rec Fac Gar Fac Was Fac Ext Cet Arc Hub Fac Was Fac Upp Upp Zhi Pro Res Res Acc Maximum Alert Level 4 | . . . 1 1 4 3 2 4 2 1 . 3 3 1 4 3 1 2 . . . . . 1 . Low Security (%) 49 | 100 100 . 97 32 . . . . . 91 100 80 . . 4 . 83 61 . . . . 100 92 100 Level 1 12 | . . . 2 67 15 . 15 1 . 8 . 2 . 100 39 . 16 20 . . . . . 7 . Level 2 24 | . . . . . 14 93 84 33 100 . . 7 96 . 43 49 . 17 . . . . . . . Level 3 8 | . . . . . 34 6 . 40 . . . 9 3 . 7 50 . . . . . . . . . Level 4 4 | . . . . . 35 . . 24 . . . . . . 5 . . . . . . . . . . Level 5 . | . . . . . . . . . . . . . . . . . . . . . . . . . . High Security . | . . . . . . . . . . . . . . . . . . . . . . . . . . Max Security . | . . . . . . . . . . . . . . . . . . . . . . . . . . Peak Influence 1597 | . 196 . 212 335 1597 748 611 1223 641 200 80 925 707 270 1376 853 264 435 . . . . 149 229 147 Initial 718 | . . . 11 16 216 718 560 354 641 200 57 1 516 270 89 677 264 . . . . . . 21 127 Average 339 | . 37 . 44 202 945 581 523 809 565 151 36 177 637 260 514 730 85 190 . . . . 46 73 116 Influence Increases 12341 | . 397 195 858 790 1491 304 847 919 195 22 44 1754 271 7 1758 436 2 986 15 . 10 154 325 456 105 Destroy 0b10 Robot/C 5220 | . 200 120 520 360 600 60 240 520 100 . . 840 160 . 540 100 . 540 . . . 80 40 200 . Destroy 0b10 Robot/NC 360 | . 45 . 65 40 . . . 10 10 . . 40 10 5 75 5 . 15 . . 10 . . 30 . Destroy Leader 894 | . 46 . 134 114 20 . 40 40 22 . . 104 . . 154 30 . 140 . . . 10 10 30 . Allied During Kill 706 | . . . . 64 304 3 . . . . . 284 38 . 2 . . 7 . . . 4 . . . Trap Triggered on 0b10 10 | . . . 10 . . . . . . . . . . . . . . . . . . . . . . Successful Hack 499 | . 21 . 34 21 28 28 14 . 20 . 27 66 . . 92 59 . 75 . . . . 10 4 . Select Force Hacks 260 | . . . . . . 210 . . . . . . . . 50 . . . . . . . . . . Disable Machine 780 | . . . 15 135 30 . 135 45 15 . . 45 15 . 240 45 . 60 . . . . . . . Anti-Garrison Action 800 | . . . . . 400 . . 250 . . . . . . 150 . . . . . . . . . . Destroy Structure 1037 | . 10 . 20 41 94 3 53 54 28 22 2 120 48 2 290 92 2 104 . . . . 10 42 . Advance Influence 350 | . . . . . . . 350 . . . . . . . . . . . . . . . . . . Partial Spotted 90 | . . . 15 15 . . . . . . 15 30 . . . . . . . . . . . 15 . Lose Combat Pursuer 1335 | . 75 75 45 . 15 . 15 . . . . 225 . . 165 105 . 45 15 . . 60 255 135 105 Influence Decreases 12189 | . 243 326 840 498 227 1399 842 203 844 514 122 836 516 427 632 1062 759 612 310 79 10 154 286 282 166 Entered New Map 4976 | . . 74 12 25 117 879 292 153 582 374 25 3 406 407 168 706 493 . 140 16 . . . 18 86 Time Decay 5462 | . 213 242 563 408 . 490 350 . 262 110 97 506 80 20 404 246 266 482 160 63 10 104 182 134 70 Search Patrol Dispatched 150 | . . . . . . . 150 . . . . . . . . . . . . . . . . . . Lost Part 842 | . 30 10 110 19 10 10 30 50 . 30 . 29 10 . 40 110 . 70 10 . . 30 104 130 10 Lost Ally 588 | . . . . 30 100 20 20 . . . . 298 20 . 20 . . 60 . . . 20 . . . Purge Threat 171 | . . . 155 16 . . . . . . . . . . . . . . . . . . . . . Squads Dispatched 52 | . 2 . 3 1 . . 2 . 1 . 1 6 . . 12 3 . 7 . . . . 5 7 2 Investigation 7 | . 2 . . . . . . . . . . 2 . . 3 . . . . . . . . . . Extermination 13 | . . . . . . . 1 . 1 . . . . . 2 . . 5 . . . . 2 2 . Reinforcement 23 | . . . 3 . . . 1 . . . 1 4 . . 2 . . 2 . . . . 3 5 2 Assault 5 | . . . . . . . . . . . . . . . 2 3 . . . . . . . . . Garrison 4 | . . . . 1 . . . . . . . . . . 3 . . . . . . . . . . Intercept . | . . . . . . . . . . . . . . . . . . . . . . . . . . Searches Triggered 1 | . . . . . . . 1 . . . . . . . . . . . . . . . . . . Construction Impeded 4 | . . . 1 . . . . . . . . 2 . . . . . . . . . . . 1 . Haulers Reinforced 2 | . . . . . . . . . . . . . . . . . . . . . . . . 2 . Active Scanning Responses . | . . . . . . . . . . . . . . . . . . . . . . . . . . Cargo Convoy Interrupts . | . . . . . . . . . . . . . . . . . . . . . . . . . . Stealth | -11 -10 -10 -8 -8 -8 -8 -6 -6 -5 -5 -5 -5 -5 -5 -5 -4 -4 -4 -4 -4 -4 -3 -3 -2 -1 --------- Run | Yrd Mat Sub Mat Sto Gar Rec Fac Gar Fac Was Fac Ext Cet Arc Hub Fac Was Fac Upp Upp Zhi Pro Res Res Acc Distress Signals 32 | . 3 . 2 4 . 1 2 . . . . 1 2 . 6 4 . 3 . . . . 1 1 2 Communications Jammed . | . . . . . . . . . . . . . . . . . . . . . . . . . . Distress Signals . | . . . . . . . . . . . . . . . . . . . . . . . . . . Times Spotted 526 | . 21 18 52 24 30 6 24 27 17 9 3 61 10 . 47 28 . 39 1 . . 15 38 33 23 Peak Tracking Total 19 | . 3 6 5 4 5 2 6 6 5 6 3 8 5 . 11 19 . 6 1 . . 9 13 14 14 Tactical Retreats 51 | . 3 2 3 . 1 . 1 . . 1 . 8 . . 6 4 . 3 1 . . 3 7 4 4 Traps | -11 -10 -10 -8 -8 -8 -8 -6 -6 -5 -5 -5 -5 -5 -5 -5 -4 -4 -4 -4 -4 -4 -3 -3 -2 -1 ------- Run | Yrd Mat Sub Mat Sto Gar Rec Fac Gar Fac Was Fac Ext Cet Arc Hub Fac Was Fac Upp Upp Zhi Pro Res Res Acc Traps Triggered 34 | . 2 . . . . . 1 11 2 . . 7 . . 3 1 . 3 . 1 . . 1 . 2 Indirectly 1 | . . . . . . . . 1 . . . . . . . . . . . . . . . . . Trap Hack Attempts 14 | . . . . 7 7 . . . . . . . . . . . . . . . . . . . . Triggered . | . . . . . . . . . . . . . . . . . . . . . . . . . . Disarmed 1 | . . . . 1 . . . . . . . . . . . . . . . . . . . . . Reprogrammed 2 | . . . . 1 1 . . . . . . . . . . . . . . . . . . . . Reused 1 | . . . 1 . . . . . . . . . . . . . . . . . . . . . . Traps Extracted . | . . . . . . . . . . . . . . . . . . . . . . . . . . Installed 1 | . . . 1 . . . . . . . . . . . . . . . . . . . . . . Triggered 1 | . . . 1 . . . . . . . . . . . . . . . . . . . . . . Most Traps Carried 1 | . . 1 1 . . . . . . . . . . . . . . . . . . . . . . Machines | -11 -10 -10 -8 -8 -8 -8 -6 -6 -5 -5 -5 -5 -5 -5 -5 -4 -4 -4 -4 -4 -4 -3 -3 -2 -1 ---------- Run | Yrd Mat Sub Mat Sto Gar Rec Fac Gar Fac Was Fac Ext Cet Arc Hub Fac Was Fac Upp Upp Zhi Pro Res Res Acc Machines Disabled 73 | . . 5 1 9 11 . 9 6 1 . . 6 1 . 17 3 . 4 . . . . . . . Max in Single Turn 9 | . . 3 1 2 1 . 3 1 1 . . 1 1 . 9 2 . 3 . . . . . . . Garrison Access 5 | . . . . . . . 1 . 1 . . . . . 1 1 . 1 . . . . . . . Garrison Relay 9 | . . . . . 6 . . 3 . . . . . . . . . . . . . . . . . Network Hub 2 | . . . . . . . . . . . . . . . 2 . . . . . . . . . . Machines Repaired . | . . . . . . . . . . . . . . . . . . . . . . . . . . Machines Dismantled . | . . . . . . . . . . . . . . . . . . . . . . . . . . Machines Sabotaged 1 | . . . . . . . . . . . . . . . 1 . . . . . . . . . . Overloaded Fab Kills . | . . . . . . . . . . . . . . . . . . . . . . . . . . Hacking | -11 -10 -10 -8 -8 -8 -8 -6 -6 -5 -5 -5 -5 -5 -5 -5 -4 -4 -4 -4 -4 -4 -3 -3 -2 -1 --------- Run | Yrd Mat Sub Mat Sto Gar Rec Fac Gar Fac Was Fac Ext Cet Arc Hub Fac Was Fac Upp Upp Zhi Pro Res Res Acc Machines Accessed 133 | . 9 3 14 14 5 14 8 1 9 . 3 13 1 1 11 6 . 11 1 1 4 . 3 1 . Terminals 83 | . 8 . 10 11 5 6 1 1 3 . 3 13 1 . 10 5 . 4 . 1 . . 1 . . Fabricators 7 | . . . . . . . 2 . 1 . . . . . . 1 . 2 . . . . 1 . . Repair Stations 6 | . 1 . 2 1 . . . . . . . . . . . . . 2 . . . . . . . Recycling Units 14 | . . . . 1 . 7 1 . 3 . . . . . . . . 1 . . . . 1 . . Scanalyzers 5 | . . . 2 . . . 1 . 1 . . . . . . . . . . . . . . 1 . Garrison Access 8 | . . . . 1 . . 3 . 1 . . . . . 1 . . 2 . . . . . . . Total Hacks 434 | . 25 5 52 35 8 36 19 1 28 . 12 37 2 18 40 26 . 34 1 1 17 . 17 20 . Successful 240 | . 14 5 32 18 2 26 11 . 15 . 3 15 1 18 17 16 . 10 1 1 17 . 4 14 . Failed 192 | . 10 . 19 17 6 10 8 1 13 . 9 22 1 . 23 10 . 24 . . . . 13 6 . Catastrophic 40 | . 1 . 5 4 1 1 1 1 . . . 6 1 . 7 3 . 6 . . . . 3 . . Database Lockouts 2 | . 1 . 1 . . . . . . . . . . . . . . . . . . . . . . Manual 189 | . 21 . 28 15 . 23 5 . 10 . 6 19 . . 31 21 . 8 . . . . 2 . . Terminals 248 | . 22 . 40 24 8 19 1 1 7 . 12 37 2 . 37 25 . 10 . 1 . . 2 . . Fabricators 22 | . . . . . . . 4 . 4 . . . . . . 1 . 4 . . . . 9 . . Repair Stations 30 | . 3 . 8 7 . . . . . . . . . . . . . 12 . . . . . . . Recycling Units 44 | . . . . 3 . 15 6 . 13 . . . . . . . . 1 . . . . 6 . . Scanalyzers 29 | . . . 4 . . . 2 . 3 . . . . . . . . . . . . . . 20 . Garrison Access 18 | . . . . 1 . . 6 . 1 . . . . . 3 . . 7 . . . . . . . Terminal Hacks 95 | . 3 5 10 7 2 5 . . 2 . 2 9 1 18 5 6 . 1 1 1 17 . . . . Record 27 | . . 3 . . . . . . . . . . . 18 . . . . . 1 5 . . . . Part Schematic 5 | . 1 . . . . . . . . . . . . . . . . . . . 4 . . . . Robot Analysis 11 | . 2 . 4 . . 1 . . . . . . . . . . . . . . 4 . . . . Prototype ID Bank 5 | . . . 1 . . . . . . . . . . . . . . . . . 4 . . . . Open Door 12 | . . 1 . 3 . . . . . . 1 5 1 . . . . . 1 . . . . . . Branch Access Points 2 | . . . . . . . . . . . 1 . . . . . . 1 . . . . . . . Emergency Access Points 4 | . . . . . 1 . . . 1 . . . . . 1 1 . . . . . . . . . Terminal Index 7 | . . . 1 1 . 1 . . 1 . . 1 . . 1 1 . . . . . . . . . Recycling Unit Index 1 | . . . . . . 1 . . . . . . . . . . . . . . . . . . . Alert Level 1 | . . . . 1 . . . . . . . . . . . . . . . . . . . . . Unreport Threat 3 | . . . 2 1 . . . . . . . . . . . . . . . . . . . . . Locate Traps 3 | . . . 1 . . . . . . . . . . . 1 1 . . . . . . . . . Maintenance Status 2 | . . . . . . . . . . . . . . . 1 1 . . . . . . . . . Patrol Status 1 | . . . . . . . . . . . . . . . . 1 . . . . . . . . . Recall Investigation 1 | . . . . . . . . . . . . 1 . . . . . . . . . . . . . Recall Reinforcements 1 | . . . . . . . . . . . . 1 . . . . . . . . . . . . . Hauler Manifests 4 | . . . 1 1 . . . . . . . 1 . . . 1 . . . . . . . . . Registered Components 1 | . . . . . . . . . . . . . . . 1 . . . . . . . . . . Garrison Registry 1 | . . . . . 1 . . . . . . . . . . . . . . . . . . . . Proto ID Catalog 1 | . . 1 . . . . . . . . . . . . . . . . . . . . . . . Release Object 2 | . . . . . . 2 . . . . . . . . . . . . . . . . . . . Fabricator Hacks 6 | . . . . . . . 2 . 1 . . . . . . 1 . 1 . . . . 1 . . Network Status 5 | . . . . . . . 1 . 1 . . . . . . 1 . 1 . . . . 1 . . Build 1 | . . . . . . . 1 . . . . . . . . . . . . . . . . . . Repair Station Hacks 19 | . 3 . 7 5 . . . . . . . . . . . . . 4 . . . . . . . Scan Component 11 | . 2 . 4 3 . . . . . . . . . . . . . 2 . . . . . . . Repair 8 | . 1 . 3 2 . . . . . . . . . . . . . 2 . . . . . . . Recycling Unit Hacks 17 | . . . . 1 . 7 2 . 5 . . . . . . . . . . . . . 2 . . Report Inventory 13 | . . . . 1 . 7 1 . 3 . . . . . . . . . . . . . 1 . . Retrieve Components 4 | . . . . . . . 1 . 2 . . . . . . . . . . . . . 1 . . Scanalyzer 22 | . . . 3 . . . 2 . 3 . . . . . . . . . . . . . . 14 . Insert Component 10 | . . . 2 . . . 1 . 1 . . . . . . . . . . . . . . 6 . Analyze 12 | . . . 1 . . . 1 . 2 . . . . . . . . . . . . . . 8 . Garrison Access Hacks 5 | . . . . 1 . . 2 . 1 . . . . . . . . 1 . . . . . . . Unlock Access 2 | . . . . 1 . . 1 . . . . . . . . . . . . . . . . . . Seal Access 3 | . . . . . . . 1 . 1 . . . . . . . . 1 . . . . . . . Unauthorized Hacks 76 | . 8 . 12 4 . 14 3 . 3 . 1 6 . . 12 9 . 3 . . . . 1 . . Terminals 60 | . 8 . 12 3 . 7 . . . . 1 6 . . 12 9 . 2 . . . . . . . Track 1 | . . . 1 . . . . . . . . . . . . . . . . . . . . . . Assimilate 1 | . . . 1 . . . . . . . . . . . . . . . . . . . . . . Botnet 13 | . 2 . 3 1 . 2 . . . . . 1 . . 1 3 . . . . . . . . . Detonate 1 | . . . . . . . . . . . . . . . 1 . . . . . . . . . . Disrupt 2 | . . . 1 . . . . . . . . 1 . . . . . . . . . . . . . Operators 5 | . . . 1 1 . . . . . . . . . . 2 1 . . . . . . . . . Skim 35 | . 6 . 5 1 . 5 . . . . 1 4 . . 6 5 . 2 . . . . . . . Sabotage 2 | . . . . . . . . . . . . . . . 2 . . . . . . . . . . Fabricators 1 | . . . . . . . . . . . . . . . . . . 1 . . . . . . . Liberate 1 | . . . . . . . . . . . . . . . . . . 1 . . . . . . . Repair Stations . | . . . . . . . . . . . . . . . . . . . . . . . . . . Recycling Units 15 | . . . . 1 . 7 3 . 3 . . . . . . . . . . . . . 1 . . Monitor 2 | . . . . . . . 1 . 1 . . . . . . . . . . . . . . . . Reject 1 | . . . . . . . 1 . . . . . . . . . . . . . . . . . . Recyclers 4 | . . . . 1 . . 1 . 1 . . . . . . . . . . . . . 1 . . Mask 1 | . . . . . . . . . 1 . . . . . . . . . . . . . . . . Tunnel 7 | . . . . . . 7 . . . . . . . . . . . . . . . . . . . Scanalyzers . | . . . . . . . . . . . . . . . . . . . . . . . . . . Garrison Access . | . . . . . . . . . . . . . . . . . . . . . . . . . . Data Cores Recovered . | . . . . . . . . . . . . . . . . . . . . . . . . . . Used . | . . . . . . . . . . . . . . . . . . . . . . . . . . Hacking Detections 94 | . 8 . 13 11 4 9 4 1 6 . 3 8 1 . 10 4 . 9 . . . . 3 . . Full Trace Events 4 | . 1 . . . . . . . . . . 2 . . 1 . . . . . . . . . . Feedback Events . | . . . . . . . . . . . . . . . . . . . . . . . . . . Feedback Blocked . | . . . . . . . . . . . . . . . . . . . . . . . . . . Robot Schematics Acquired . | . . . . . . . . . . . . . . . . . . . . . . . . . . Robots Built . | . . . . . . . . . . . . . . . . . . . . . . . . . . Authchips . | . . . . . . . . . . . . . . . . . . . . . . . . . . Time . | . . . . . . . . . . . . . . . . . . . . . . . . . . Total Robot Build Rating . | . . . . . . . . . . . . . . . . . . . . . . . . . . Part Schematics Acquired 13 | . 1 . 1 . . . 1 . 1 . . . . . . . . . . . 4 . . 5 . Parts Built 2 | . . . . . . . 2 . . . . . . . . . . . . . . . . . . Authchips . | . . . . . . . . . . . . . . . . . . . . . . . . . . Time 64 | . . . . . . . 64 . . . . . . . . . . . . . . . . . . Total Part Build Rating 16 | . . . . . . . 16 . . . . . . . . . . . . . . . . . . Parts Repaired 8 | . 1 . 3 2 . . . . . . . . . . . . . 2 . . . . . . . Time 370 | . 26 . 114 88 . . . . . . . . . . . . . 142 . . . . . . . Parts Recycled . | . . . . . . . . . . . . . . . . . . . . . . . . . . Recycled Matter . | . . . . . . . . . . . . . . . . . . . . . . . . . . Retrieved Matter . | . . . . . . . . . . . . . . . . . . . . . . . . . . Retrieved Components 13 | . . . . . . . 2 . 10 . . . . . . . . . . . . . 1 . . Parts Scanalyzed 8 | . . . 1 . . . 1 . 1 . . . . . . . . . . . . . . 5 . Part Schematics Acquired 8 | . . . 1 . . . 1 . 1 . . . . . . . . . . . . . . 5 . Parts Damaged 2 | . . . . . . . . . . . . . . . . . . . . . . . . 2 . Bothacking | -11 -10 -10 -8 -8 -8 -8 -6 -6 -5 -5 -5 -5 -5 -5 -5 -4 -4 -4 -4 -4 -4 -3 -3 -2 -1 ------------ Run | Yrd Mat Sub Mat Sto Gar Rec Fac Gar Fac Was Fac Ext Cet Arc Hub Fac Was Fac Upp Upp Zhi Pro Res Res Acc Used RIF Installer . | . . . . . . . . . . . . . . . . . . . . . . . . . . Robots Hacked 13 | . . . 7 . . . . . 5 . . . . . . . . . . . . . . 1 . Non-combat 13 | . . . 7 . . . . . 5 . . . . . . . . . . . . . . 1 . Combat . | . . . . . . . . . . . . . . . . . . . . . . . . . . Robot Hacks Applied 16 | . . . 8 . . . . . 7 . . . . . . . . . . . . . . 1 . parse_system 2 | . . . 2 . . . . . . . . . . . . . . . . . . . . . . no_distress 10 | . . . 6 . . . . . 4 . . . . . . . . . . . . . . . . find_chute 1 | . . . . . . . . . 1 . . . . . . . . . . . . . . . . find_fabricator 2 | . . . . . . . . . 1 . . . . . . . . . . . . . . 1 . find_station 1 | . . . . . . . . . 1 . . . . . . . . . . . . . . . . Relay Couplers Released 36 | . . . . . 22 . . 10 . . . . . . 1 3 . . . . . . . . . Machine Destruction 36 | . . . . . 22 . . 10 . . . . . . 1 3 . . . . . . . . . Fabnet Peak Effective % . | . . . . . . . . . . . . . . . . . . . . . . . . . . Robots Rewired 15 | . . . . . . . . . . . . 13 . . . . . . . . . 2 . . . Allies Hacked 1 | . . . . . 1 . . . . . . . . . . . . . . . . . . . . Hacks Repelled . | . . . . . . . . . . . . . . . . . . . . . . . . . . Allies | -11 -10 -10 -8 -8 -8 -8 -6 -6 -5 -5 -5 -5 -5 -5 -5 -4 -4 -4 -4 -4 -4 -3 -3 -2 -1 -------- Run | Yrd Mat Sub Mat Sto Gar Rec Fac Gar Fac Was Fac Ext Cet Arc Hub Fac Was Fac Upp Upp Zhi Pro Res Res Acc Total Allies 40 | . . . 2 10 . . . 1 . . . 22 . . . . . 3 . . . 2 . . . Largest Group 11 | . . . 1 10 9 3 1 . . . . 11 3 2 1 . . 3 . . . 1 . . . Highest-Rated Group 289 | . . . 10 173 157 61 16 . . . . 289 229 192 39 . . 141 . . . 30 . . . Highest-Rated Ally 159 | . . . 10 29 29 29 16 . . . . 159 159 153 39 . . 47 . . . 30 . . . Initial Warlord ECA Mod 287 | . . . . . . 12 10 10 16 16 16 16 16 16 16 15 15 15 15 15 15 14 14 13 12 Total Orders 15 | . . . 6 . 2 2 2 . . . . 2 . . . . . . . . . 1 . . . STAY 5 | . . . 3 . . 1 . . . . . . . . . . . . . . . 1 . . . FOLLOW 5 | . . . 3 . . 1 1 . . . . . . . . . . . . . . . . . . GUARD 4 | . . . . . 2 . . . . . . 2 . . . . . . . . . . . . . AID 1 | . . . . . . . 1 . . . . . . . . . . . . . . . . . . Ally Attacks 388 | . . . . 10 96 33 3 . . . . 193 23 . 10 . . 12 . . . 8 . . . Total Damage 7047 | . . . . 165 1101 485 31 . . . . 3666 938 . 157 . . 364 . . . 140 . . . Kills 59 | . . . . 4 14 4 . . . . . 27 6 . 2 . . 1 . . . 1 . . . Allies Corrupted 1 | . . . . . . . . . . . . . . . . . . 1 . . . . . . . Allies Melted . | . . . . . . . . . . . . . . . . . . . . . . . . . . Intel | -11 -10 -10 -8 -8 -8 -8 -6 -6 -5 -5 -5 -5 -5 -5 -5 -4 -4 -4 -4 -4 -4 -3 -3 -2 -1 ------- Run | Yrd Mat Sub Mat Sto Gar Rec Fac Gar Fac Was Fac Ext Cet Arc Hub Fac Was Fac Upp Upp Zhi Pro Res Res Acc Active Infowar (turns) 2569 | . . . 890 433 2 . 48 . . . . . . . 1 . . . 274 432 188 148 153 . . IFF 1042 | . . . . . . . . . . . . . . . . . . . 274 432 188 148 . . . Structural 1374 | . . . 890 433 2 . 48 . . . . . . . 1 . . . . . . . . . . Seismic 153 | . . . . . . . . . . . . . . . . . . . . . . . 153 . . Robot Analysis Total 11 | . 2 . 4 . . 1 . . . . . . . . . . . . . . 4 . . . . Derelict Logs Recovered 5 | . . 3 . . . . . . . . . . . . . . . . 1 1 . . . . . Drone Launches . | . . . . . . . . . . . . . . . . . . . . . . . . . . Drone Recoveries . | . . . . . . . . . . . . . . . . . . . . . . . . . . Exploration | -11 -10 -10 -8 -8 -8 -8 -6 -6 -5 -5 -5 -5 -5 -5 -5 -4 -4 -4 -4 -4 -4 -3 -3 -2 -1 ------------- Run | Yrd Mat Sub Mat Sto Gar Rec Fac Gar Fac Was Fac Ext Cet Arc Hub Fac Was Fac Upp Upp Zhi Pro Res Res Acc Turns Passed 23247 | 51 800 3698 2490 1054 1496 1296 785 1211 565 224 225 1967 171 59 964 527 871 2138 339 432 188 330 681 534 151 Spaces Moved 15952 | 42 607 2325 1405 420 763 651 567 684 508 167 345 1721 163 54 792 547 404 855 390 479 178 268 816 512 289 Core 517 | 1 . . 3 . 1 . . . . . . . . . . 7 . . . . . . 58 158 289 Treads 4545 | . . 1278 28 335 762 651 223 . . . . . . . 468 99 232 430 . . . . 39 . . Legs 2930 | . . . 470 . . . . 44 508 167 172 470 163 54 324 . . 141 . . . 251 85 81 . Wheels 3622 | 41 607 1047 904 85 . . . 626 . . . . . . . . . 140 . . . . . 172 . Hover 1380 | . . . . . . . . . . . . . . . . . 172 144 390 479 178 17 . . . Flight 2958 | . . . . . . . 344 14 . . 173 1251 . . . 441 . . . . . . 634 101 . Fastest Speed 34 | 50 90 105 95 95 161 142 74 74 74 74 51 51 51 104 65 65 70 80 80 80 80 80 35 34 50 Average Speed 111 | 90 100 150 124 149 161 175 104 112 74 74 62 51 65 104 82 76 158 200 80 80 80 105 74 77 50 Slowest Speed 800 | 100 105 240 800 161 350 240 164 144 74 74 74 51 104 104 104 142 235 259 80 80 80 109 169 190 50 Overloaded Moves . | . . . . . . . . . . . . . . . . . . . . . . . . . . Propulsion Burnouts . | . . . . . . . . . . . . . . . . . . . . . . . . . . Robots Hopped 31 | . . . . . . . . . . . 2 13 . . . 7 . . . . . . 9 . . Potential Cave-ins 8 | . . . . . . . . . . 8 . . . . . . . . . . . . . . . Cave-ins Triggered . | . . . . . . . . . . . . . . . . . . . . . . . . . . Exploration Rate (%) 55 | 3 86 98 78 69 87 97 16 64 14 91 9 98 66 74 65 21 95 30 53 71 59 48 28 16 13 Regions Visited 25 Branch Regions 11 Pre-discovered Areas 19 | . . . 3 . . 11 . . . . . . . . . . . . 2 . 3 . . . . Known Exits Taken 8 | . . . 1 1 . 1 1 . . . 1 . . . . . . 1 . . . 1 1 . . Unknown Exits Taken 11 | 1 1 1 . . . . . . . . . 1 1 1 1 . . . 1 1 1 . . 1 . Scrap Searched 9 | . . 6 . . . . . . . . . . . . . . . . 1 1 . 1 . . . Spaces Dug 71 | . . 1 5 12 . 1 . . . 16 1 . . . 21 5 . 4 . . . . 5 . . Terrain Destroyed 664 | . 9 65 18 40 4 3 57 23 14 22 1 44 8 1 215 52 1 57 1 . 1 9 5 14 . Melee 5 | . . . . . . . . . . . . . . . . . . . . . . . 5 . . Projectile 241 | . . 1 12 3 . 3 . 7 14 22 1 44 8 1 58 17 1 33 1 . 1 . . 14 . AOE 418 | . 9 64 6 37 4 . 57 16 . . . . . . 157 35 . 24 . . . 9 . . . Terrain Rammed . | . . . . . . . . . . . . . . . . . . . . . . . . . . Walls Destroyed . | . . . . . . . . . . . . . . . . . . . . . . . . . . Machines Disabled . | . . . . . . . . . . . . . . . . . . . . . . . . . . Actions | -11 -10 -10 -8 -8 -8 -8 -6 -6 -5 -5 -5 -5 -5 -5 -5 -4 -4 -4 -4 -4 -4 -3 -3 -2 -1 --------- Run | Yrd Mat Sub Mat Sto Gar Rec Fac Gar Fac Was Fac Ext Cet Arc Hub Fac Was Fac Upp Upp Zhi Pro Res Res Acc Total 20079 | 51 718 2463 1941 751 917 777 677 980 682 228 349 2694 209 55 1024 631 621 1125 409 527 215 296 866 578 295 Wait 2313 | . 54 19 261 224 50 76 40 86 94 20 3 780 19 . 123 55 192 129 2 47 4 2 28 5 . Move 15875 | 41 607 2324 1404 420 762 650 567 683 508 166 340 1695 162 53 791 536 403 854 389 478 177 267 798 511 289 Hop 26 | . . . . . . . . . . . 2 12 . . . 4 . . . . . . 8 . . Pick Up 168 | 4 10 32 25 9 4 8 4 10 13 . . 9 2 1 1 3 3 19 3 . 4 1 3 . . Fast Attach 136 | 6 2 4 32 7 9 2 2 2 3 1 1 4 1 . 8 1 2 11 2 1 7 . 8 19 1 Attach 79 | . 1 8 5 4 3 1 7 10 6 1 1 5 1 . 4 2 2 7 2 . 2 1 4 2 . Detach 28 | . . 3 3 1 . . 5 4 4 . . 1 . . 2 1 . . 1 . 1 . 2 . . Swap 93 | . 1 13 34 9 10 2 4 1 1 1 . 5 . . 3 2 . 1 2 . . 2 . 2 . Drop 167 | . 1 14 43 11 1 17 4 7 15 . . 5 4 . 5 5 2 13 4 1 10 . 5 . . Fire 934 | . 40 40 113 56 71 21 43 95 22 39 2 104 20 1 78 22 15 87 4 . 10 21 . 30 . Melee 52 | . . . 19 . . . . 4 7 . . 12 . . . . . . . . . . 10 . . Ram 23 | . 2 . 1 . . . . . . . . 10 . . . . . 1 . . . . . 4 5 Kick 29 | . . . . . . . . . 8 . . 11 . . 3 . . . . . . 2 . 5 . Crush 12 | . . . . 3 . . . . . . . . . . 6 . . 3 . . . . . . . Escape Stasis 78 | . . . . . . . . 78 . . . . . . . . . . . . . . . . . Rewire 43 | . . . . . . . . . . . . 41 . . . . 2 . . . . . . . . Trap 15 | . . . 1 7 7 . . . . . . . . . . . . . . . . . . . . Miscellaneous 8 | . . 6 . . . . 1 . 1 . . . . . . . . . . . . . . . . Route ------- -11/Scrapyard -10/Materials (discovered 4 exits: [*Mat x2] / [*Min] / *Sub) -10/Subcaves (discovered 3 exits: *Mat x2 / *Rec) -8/Materials (discovered 4 exits: *Fac x3 / *Sto) -8/Storage (discovered 3 exits: *Fac / Rec / Gar) -8/Garrison (discovered 3 exits: *Rec x3) -8/Recycling -6/Factory (discovered 7 exits: Fac x4 / Low x2 / Gar) -6/Garrison (discovered 3 exits: *Fac x3) -5/Factory -5/Waste -5/Factory (discovered 5 exits: *Fac / Upp x2 / *Ext x2) -5/Extension (discovered 2 exits: *Fac / *Cet) -5/Cetus (discovered 2 exits: *Fac / *Arc) -5/Archives -5/Hub_04(d) -4/Factory (discovered 2 exits: Res / Upp) -4/Waste -4/Factory (discovered 4 exits: *Res x2 / *Upp x2) -4/Upper Caves -4/Upper Caves (discovered 2 exits: *Res / *Zhi) -4/Zhirov -3/Proximity Caves -3/Research (discovered 2 exits: *Res x2) -2/Research -1/Access History --------- Turn | Location | Event 21 | -11/Scrapyard | Discovered new exit (range 16) 52 | -11/Scrapyard | Entered Materials 317 | -10/Materials | Build established: Mutant 459 | -10/Materials | Discovered new exit (range 12) 579 | -10/Materials | Discovered new exit (range 7) 631 | -10/Materials | Repaired EM Pulse Gun 668 | -10/Materials | Discovered new exit (range 14) 687 | -10/Materials | Central database locked down 759 | -10/Materials | Learned 2 Mines zone layouts 819 | -10/Materials | Learned Storage garrison access intel 830 | -10/Materials | Discovered new exit (range 4) 852 | -10/Materials | Derelicts attacked the area 852 | -10/Materials | Entered Subcaves 856 | -10/Subcaves | Learned Materials interactive machine intel 1006 | -10/Subcaves | Visited Clippyterm 1009 | -10/Subcaves | Learned 40 Factory zone layouts 1859 | -10/Subcaves | Discovered new exit (range 14) 1925 | -10/Subcaves | Learned Materials stockpile data 2100 | -10/Subcaves | Visited 4L-MR0's lab 2115 | -10/Subcaves | Found Powered Cannon 2255 | -10/Subcaves | Learned 8 Materials zone layouts 2565 | -10/Subcaves | Build established: Subdweller-Mutant 2696 | -10/Subcaves | Discovered new exit (range 16) 3629 | -10/Subcaves | Discovered new exit (range 8) 4499 | -10/Subcaves | Build established: Mutant 4550 | -10/Subcaves | Entered Materials 4550 | -8/Materials | Evolved 4 slots: Power x1, Propulsion x1, Utility x2 4551 | -8/Materials | Identified exit to Factory 4551 | -8/Materials | Identified exit to Storage 4553 | -8/Materials | Loaded intel: 19 interactive machine locations 4714 | -8/Materials | Lost 3 parts (2p1u) 4998 | -8/Materials | Build established: Scavenger-Mutant 5786 | -8/Materials | Learned location of 1 exit from Storage 5811 | -8/Materials | Learned location of Extension (-5) 5826 | -8/Materials | Learned location of Zion (-6) 5843 | -8/Materials | Repaired Imp. Light Armor Plating 5894 | -8/Materials | Repaired Lgt. Angular Momentum Engine 5922 | -8/Materials | Repaired Structural Scanner 6605 | -8/Materials | Central database locked down 6708 | -8/Materials | Lost 8 parts (1p3n4u) 7040 | -8/Materials | Entered Storage 7040 | -8/Storage | Accompanied by 1 ally 7041 | -8/Storage | Identified exit to Recycling 7042 | -8/Storage | Loaded intel: 1 garrison access location 7360 | -8/Storage | Build established: Mutant 7503 | -8/Storage | Found Prototype Protection 7503 | -8/Storage | Identified Lgt. Regenerative Plating 7519 | -8/Storage | Core integrity fell below 50% 7796 | -8/Storage | Discovered exit to Factory (range 12) 7894 | -8/Storage | Repaired Lgt. Angular Momentum Engine 7933 | -8/Storage | Repaired Imp. Weapon Shielding 8031 | -8/Storage | Assisted by bots powering up and referring to "LRC-V3" 8053 | -8/Storage | Met 01-MTF 8063 | -8/Storage | Garrison activated, responded to threat 8082 | -8/Storage | Identified exit to Garrison 8094 | -8/Storage | Entered Garrison 8094 | -8/Garrison | Accompanied by 10 allies (01-MTF) 8097 | -8/Garrison | 01-MTF left 8152 | -8/Garrison | Triggered checkpoint 8230 | -8/Garrison | Garrison Relay disabled 8324 | -8/Garrison | Triggered checkpoint 8328 | -8/Garrison | Triggered checkpoint 8346 | -8/Garrison | Build established: Commander-Mutant 8358 | -8/Garrison | Triggered checkpoint 8362 | -8/Garrison | Triggered checkpoint 8466 | -8/Garrison | Discovered exit to Recycling (range 14) 8536 | -8/Garrison | Triggered checkpoint 8594 | -8/Garrison | Garrison Relay disabled 8653 | -8/Garrison | Garrison Relay disabled 8673 | -8/Garrison | Garrison Relay disabled 8949 | -8/Garrison | Discovered exit to Recycling (range 78) 8949 | -8/Garrison | Discovered exit to Recycling (range 66) 8949 | -8/Garrison | Discovered exit to Recycling (range 9) 9066 | -8/Garrison | Triggered checkpoint 9170 | -8/Garrison | Garrison Relay disabled 9328 | -8/Garrison | Triggered checkpoint 9391 | -8/Garrison | Lost 3 allies 9453 | -8/Garrison | Garrison Relay disabled 9474 | -8/Garrison | P-60 Hacker assimilated allied Trooper 3i 9590 | -8/Garrison | Entered Recycling 9590 | -8/Recycling | Accompanied by 3 allies 9772 | -8/Recycling | Build established: Mutant 10171 | -8/Recycling | Identified exit to Factory 10216 | -8/Recycling | Entered Scraplab 10222 | -8/Recycling | Found Prototype Device 10222 | -8/Recycling | Identified Scrap Engine 10239 | -8/Recycling | Learned location of 1 exit from Recycling 10299 | -8/Recycling | Learned Factory emergency access door positions 10437 | -8/Recycling | Learned location of Storage (-8) 10466 | -8/Recycling | Learned 2 Lower Caves zone layouts 10503 | -8/Recycling | Learned Factory repair station intel 10552 | -8/Recycling | Learned location of 2 exits from Factory 10608 | -8/Recycling | Build established: Construct 10886 | -8/Recycling | Entered Factory 10886 | -6/Factory | Accompanied by 1 ally 10886 | -6/Factory | Evolved 4 slots: Propulsion x1, Utility x2, Weapon x1 10887 | -6/Factory | Identified exit to Factory 10888 | -6/Factory | Identified exit to Lower Caves 10891 | -6/Factory | Loaded intel: 6 repair station locations 11236 | -6/Factory | Search patrols dispatched 11306 | -6/Factory | Fabricated Imp. Thunder Leg? 11671 | -6/Factory | Identified exit to Garrison 11671 | -6/Factory | Entered Garrison 11685 | -6/Garrison | Triggered checkpoint 11726 | -6/Garrison | Garrison Relay disabled 11819 | -6/Garrison | Triggered checkpoint 11844 | -6/Garrison | Triggered checkpoint 11876 | -6/Garrison | Triggered checkpoint 11890 | -6/Garrison | Triggered checkpoint 12178 | -6/Garrison | Discovered exit to Factory (range 9) 12191 | -6/Garrison | Triggered checkpoint 12264 | -6/Garrison | Garrison Relay disabled 12443 | -6/Garrison | Lost 3 parts (1p1u1w) 12468 | -6/Garrison | Discovered exit to Factory (range 13) 12530 | -6/Garrison | Garrison Relay disabled 12537 | -6/Garrison | Triggered checkpoint 12877 | -6/Garrison | Discovered exit to Factory (range 8) 12882 | -6/Garrison | Entered Factory 12882 | -5/Factory | Evolved 2 slots: Utility x2 12883 | -5/Factory | Identified exit to Extension 13403 | -5/Factory | Allied Derelicts emerged from ambush trap array 13427 | -5/Factory | P-70 Sage assimilated allied HP-JYI(g) 13447 | -5/Factory | Sucked down chute 13447 | -5/Factory | Entered Waste 13453 | -5/Waste | Spotted C-40 Crusher 13462 | -5/Waste | EMP discharged 13469 | -5/Waste | Spotted C-40 Crusher 13471 | -5/Waste | Spotted C-40 Crusher 13517 | -5/Waste | Crushed by Compactor (1 part destroyed) 13526 | -5/Waste | Crushed by Compactor (0 parts destroyed, 1 dropped) 13562 | -5/Waste | EMP discharged 13562 | -5/Waste | System corruption reached 10% 13574 | -5/Waste | Spotted C-40 Crusher 13578 | -5/Waste | Spotted C-40 Crusher 13644 | -5/Waste | Spotted C-40 Crusher 13661 | -5/Waste | Crushed by Compactor (1 part destroyed) 13662 | -5/Waste | EMP discharged 13664 | -5/Waste | Discovered new exit (range 11) 13671 | -5/Waste | Entered Factory 13673 | -5/Factory | Identified exit to Upper Caves 13783 | -5/Factory | Discovered new exit (range 8) 13896 | -5/Factory | Entered Extension 14419 | -5/Extension | Rescued a captive Derelict 14421 | -5/Extension | Rescued a captive Derelict 14437 | -5/Extension | Rescued a captive Derelict 14438 | -5/Extension | Rescued a captive Derelict 14754 | -5/Extension | Build established: Commander-Construct 15036 | -5/Extension | Spotted B-75 Beast 15054 | -5/Extension | Destroyed B-75 Beast 15058 | -5/Extension | Spotted B-75 Beast 15078 | -5/Extension | Destroyed B-75 Beast 15116 | -5/Extension | Lost 6 allies 15273 | -5/Extension | Lost 5 allies 15277 | -5/Extension | Rescued a captive Derelict 15279 | -5/Extension | Rescued a captive Derelict 15561 | -5/Extension | Rescued A7 15567 | -5/Extension | Lost 4 allies 15567 | -5/Extension | Rescued a captive Derelict 15581 | -5/Extension | Rescued a captive Derelict 15596 | -5/Extension | Disrupted transfer network 15802 | -5/Extension | Build established: Construct 15814 | -5/Extension | Discovered new exit (range 16) 15814 | -5/Extension | Discovered new exit (range 16) 15863 | -5/Extension | Entered Cetus 15863 | -5/Cetus | Accompanied by 3 allies (A7) 15868 | -5/Cetus | Acquired a Cetus Manufacturing Module code from A7 15874 | -5/Cetus | Spotted Cetus Guard 15874 | -5/Cetus | Spotted Cetus Guard 15877 | -5/Cetus | Spotted Cetus Guard 15877 | -5/Cetus | Destroyed Cetus Guard 15877 | -5/Cetus | Spotted Cetus Guard 15879 | -5/Cetus | Allies destroyed Cetus Guard 15883 | -5/Cetus | Destroyed Cetus Guard 15890 | -5/Cetus | Cetus Manufacturing Module disabled 15927 | -5/Cetus | Escorted A7 to Cetus Mainframe 15936 | -5/Cetus | Discovered new exit (range 16) 15947 | -5/Cetus | Spotted Cetus Guard 15947 | -5/Cetus | Spotted Cetus Guard 15950 | -5/Cetus | Spotted Cetus Guard 15950 | -5/Cetus | Spotted Cetus Guard 15958 | -5/Cetus | Allies destroyed Cetus Guard 15962 | -5/Cetus | Allies destroyed Cetus Guard 15970 | -5/Cetus | Destroyed Cetus Guard 15972 | -5/Cetus | Destroyed Cetus Guard 15979 | -5/Cetus | Discovered new exit (range 16) 15982 | -5/Cetus | Met Revision 17 16034 | -5/Cetus | Entered Archives 16034 | -5/Archives | Accompanied by 2 allies (A7) 16040 | -5/Archives | Received a hacking code to weaken MAIN.C 16052 | -5/Archives | Met Zhirov 16058 | -5/Archives | Reinforcements dispatched to Archives 16065 | -5/Archives | Read partially decrypted archive contents 16067 | -5/Archives | Discovered new exit (range 16) 16093 | -5/Archives | Entered Hub_04(d) 16093 | -5/Hub_04(d) | Accompanied by 1 ally 16137 | -5/Hub_04(d) | Garrison activated, responded to threat 16211 | -5/Hub_04(d) | Core integrity fell below 50% 16664 | -5/Hub_04(d) | Learned 4 Factory zone layouts 16706 | -5/Hub_04(d) | Learned Factory trap positions 16739 | -5/Hub_04(d) | Learned 8 Factory zone layouts 16761 | -5/Hub_04(d) | Learned Extension terminal intel 16772 | -5/Hub_04(d) | Learned Extension trap positions 16773 | -5/Hub_04(d) | Learned location of 1 exit from Research 16785 | -5/Hub_04(d) | Learned location of 1 exit from Extension 16808 | -5/Hub_04(d) | Learned Factory repair station intel 16839 | -5/Hub_04(d) | Learned location of 2 exits from Factory 16877 | -5/Hub_04(d) | Discovered new exit (range 3) 16907 | -5/Hub_04(d) | Network Hub disabled 17002 | -5/Hub_04(d) | Network Hub disabled 17009 | -5/Hub_04(d) | Spotted Lightning 17009 | -5/Hub_04(d) | Spotted Lightning 17009 | -5/Hub_04(d) | Spotted Lightning 17057 | -5/Hub_04(d) | Entered Factory 17057 | -4/Factory | Evolved 2 slots: Utility x2 17058 | -4/Factory | Identified exit to Research 17058 | -4/Factory | Identified exit to Upper Caves 17060 | -4/Factory | Loaded intel: 109 trap records 17061 | -4/Factory | Loaded intel: 6 repair station locations 17366 | -4/Factory | Build established: Scavenger-Construct 17526 | -4/Factory | Spotted B-86 Titan 17557 | -4/Factory | First assault squad dispatched 17565 | -4/Factory | Learned Research trap positions 17584 | -4/Factory | Sucked down chute 17584 | -4/Factory | Entered Waste 17584 | -4/Waste | The area was eerily silent 17606 | -4/Waste | Lost 10 parts (1p3n4u2w) 17851 | -4/Waste | Build established: Mutant 18409 | -4/Waste | Discovered new exit (range 12) 18433 | -4/Waste | Found Broken Adv. Powered Armor 18455 | -4/Waste | Entered Factory 18721 | -4/Factory | Repaired Broken Adv. Powered Armor 18765 | -4/Factory | Attached Powered Cannon, gained temporary slot: Power 19022 | -4/Factory | Repaired Broken Adv. Remote Force Field? 19075 | -4/Factory | Build established: Tank 19203 | -4/Factory | Discovered exit to Research (range 3) 19905 | -4/Factory | Discovered exit to Research (range 16) 20282 | -4/Factory | System corruption reached 10% 20454 | -4/Factory | Spotted B-86 Titan 20532 | -4/Factory | Lost 4 parts (1p2u1w) 20593 | -4/Factory | Entered Upper Caves 20609 | -4/Upper Caves | Met a Warlord Commander 20611 | -4/Upper Caves | Warlord Commander delivered Encrypted Comm Array 20611 | -4/Upper Caves | Found Encrypted Comm Array 20626 | -4/Upper Caves | Spotted B-86 Titan 20724 | -4/Upper Caves | Learned location of Testing (-3) 20842 | -4/Upper Caves | Discovered new exit (range 4) 20912 | -4/Upper Caves | Build established: Mutant 20932 | -4/Upper Caves | Entered another Upper Caves area 20967 | -4/Upper Caves | Discovered exit to Research (range 16) 21100 | -4/Upper Caves | Encountered a Warlord checkpoint 21346 | -4/Upper Caves | Discovered new exit (range 15) 21364 | -4/Upper Caves | Entered Zhirov 21364 | -4/Zhirov | Discovered new exit (range 3) 21495 | -4/Zhirov | Found Alien Artifact 21495 | -4/Zhirov | Identified Integrated Dissipator 21495 | -4/Zhirov | Installed Integrated Dissipator, increased core heat dissipation (+20) 21552 | -4/Zhirov | Entered Proximity Caves 21554 | -3/Proximity Caves | Attracted the attention of an 0b10 checkpoint 21556 | -3/Proximity Caves | Core integrity fell below 50% 21793 | -3/Proximity Caves | Lost 3 parts (1p2u) 21870 | -3/Proximity Caves | Lost 3 parts (1n2u) 21874 | -3/Proximity Caves | Discovered exit to Research (range 7) 21882 | -3/Proximity Caves | Entered Research 21882 | -3/Research | Evolved 2 slots: Utility x2 21883 | -3/Research | Identified exit to Research 21884 | -3/Research | Loaded intel: 78 trap records 22187 | -3/Research | Spotted B-86 Titan 22281 | -3/Research | Lost 3 parts (3u) 22319 | -3/Research | Spotted B-86 Titan 22557 | -3/Research | Lost 7 parts (3n3u1w) 22562 | -3/Research | Discovered exit to Research (range 5) 22563 | -3/Research | Entered another Research area 22563 | -2/Research | Evolved 2 slots: Propulsion x2 22931 | -2/Research | Destroyed 9 combat bots 22976 | -2/Research | Released all parts (12) 22990 | -2/Research | Spotted B-90 Cyclops 23006 | -2/Research | Lost 10 parts (2p3n3u2w) 23022 | -2/Research | Core integrity fell below 50% 23024 | -2/Research | System corruption reached 10% 23089 | -2/Research | Discovered new exit (range 16) 23097 | -2/Research | Entered Access 23097 | -1/Access | Evolved 2 slots: Propulsion x2 23113 | -1/Access | Lost 3 parts (3n) 23196 | -1/Access | Core integrity fell below 50% 23239 | -1/Access | Core integrity fell below 20% 23248 | -1/Access | Destroyed by G-73 Enforcer with Phase Gun Last Messages --------------- 23183_ Slammed into T-07 Excavator. 23184_ Slammed into Y-72 Warden. 23194_ Slug penetrates Wall. 23197_ P-80 Master resets P-80 Master, system corruption cleaned. 23199_ Slammed into K-01 Serf. 23199_ O-32 Director: "IFF HANDSHAKE FAILED. SECURING TERMINAL." 23200_ Triggered Hellfire Trap. 23200_ An explosion rips through the floor. 23200_ K-01 Serf destroyed. 23200_ Terminal disabled. 23200_ P-80 Master resets A-15 Conveyor, system corruption cleaned. 23201_ The unstable cave ceiling collapses. 23230_ Acquired Adv. Reaction Control System. 23235_ Anti-Orbital Battery disabled. 23237_ Slammed into P-80 Master. 23238_ Adv. Reaction Control System destroyed. 23242_ G-73 Enforcer IFF system glitched. 23245_ ALERT: Hostiles spotted, dispatching reinforcements to Terminal A010. 23245_ P-80 Master resets G-73 Enforcer, system corruption cleaned. Map ----- +----------------------------------------------------+ | | | | | | | | | | | | | | | | | | | | | ???????????????########??????????????????????????? | | ??????????????? #?????????????????????????? | | ??????????????? #?????????????????????????? | | ?????????????? #?????????????????????????? | | ?????????????? #?????????????????????????? | | ??????????????"" #?????????????????????????? | | ??????????# ??"" !! #?????????????????????????? | | ??????????# "F !! #############?????????????? | | ??????????# """ ! ## * ??????????????? | | ??????????# """ ## ??????????????? | | ??????????? """ ## ""G""??????????????? | | ????????????? ??# " " #???????????? | | ??????????????? ????# "g" #???????????? | | ?????????????####+####### ! gg #???????????? | | ?????????????# + g #???????????? | | ?????????????# ####@ #???????????? | | ?????????????# #??# #???????????? | | ?????????????# #??# ! = #???????????? | | ?????????????# #??# #???????????? | | ?????????????# #??# #???????????? | | ############## ##########+######???????????? | | ??????????????? | | ?????????????? | | ?????????????? | | ?????????????? | | ????????????? | | ????????????? | | ?????????????? | | ###/################# ######???????????????? | | # # #????????????????????? | | # # #????????????????????? | | " """ # + +????????????????????? | | """""""" # # #????????????????????? | | """""""" # # #????????????????????? | | """"" # # #????????????????????? | | # # #????????????????????? | | / #"" # #????????????????????? | | ! #"" # #????????????????????? | | ! #"" # #????????????????????? | | ! #T # #????????????????????? | +----------------------------------------------------+ Best States ------------- Heat Dissipation 94 Coolant Potential 80 Energy Generation 52 Energy Capacity 830 Matter Stores 300 Matter Capacity 300 Sight Range 16 Terrain Scan Density 210 Power Amplification 30 Armor Coverage 900 Resistance: KI 30 Resistance: TH 30 Propulsion Shielding 90 Utility Shielding 33 Weapon Shielding 66 Point Defense Rating 240 Phase Shifting 15 Evasion (%) 70 Target Analysis 6 Armor Integrity Analysis 40 Recoil Reduction 4 Particle Charging 30 Kinecelleration 40 Offensive Hacking 14 Defensive Hacking 12 Item Schematics ----------------- Lgt. Armor Plating | -10/Materials | Hacked Multitool | -8/Materials | Scanalyzed System Shield | -6/Factory | Scanalyzed Adv. Targeting Computer | -5/Factory | Scanalyzed Assault Drone Bay | -4/Zhirov | Free Exp. Heat Sink | -4/Zhirov | Free Exp. Optical Array | -4/Zhirov | Free Imp. Arc Thrower | -4/Zhirov | Free Com. Particle Reactor | -2/Research | Scanalyzed Particle Accelerator | -2/Research | Scanalyzed Adv. Shield Generator | -2/Research | Scanalyzed Adv. Point Defense System | -2/Research | Scanalyzed Adv. Remote Datajack | -2/Research | Scanalyzed Robot Schematics ------------------ None Fabricated ------------ Imp. Thunder Leg | x2 | -6/Factory | Preloaded Repaired ---------- EM Pulse Gun | 33% | -10/Materials Imp. Light Armor Plating | 31% | -8/Materials Lgt. Angular Momentum Engine | 50% | -8/Materials Structural Scanner | 45% | -8/Materials Lgt. Angular Momentum Engine | 18% | -8/Storage Imp. Weapon Shielding | 15% | -8/Storage Adv. Powered Armor | 10% | -4/Factory | Broken Adv. Remote Force Field | 63% | -4/Factory | Broken Alien Tech Used ----------------- Integrated Dissipator Achievements -------------- None Challenges ------------ None Game ------ Seed MicrowarpTerrainRegenerator Manual? 0 Play Time 07:10:13 Cumulative 292.3 hours Start 2025.05.22 @ 08:10:26 End 2025.05.22 @ 16:04:15 Sessions 3 Manual Loads 0 Difficulty Rogue Special Mode None Game No. 136 Rogue 93 Adventurer 43 Explorer 0 Win Type - Total 6 Types 4/0/1/0/0/0/0/1/0/0 Lore% 79 Gallery% 70 Achievement% 64 Wizard Run 0 Options --------- Layout 0 ASCII 0 Keyboard 0 Movement Mouse Keybinds 0 Fullscreen 1 Font 24/Smallcaps Map View 76x50 Zoom Use 0% Tactical HUD 1 Map Filters NONE Filters NONE Steam 1 RUN: eed0a762-ce7c-4132-9e21-59a93ee44ab4